 Dungeon Crawl Stone Soup version 0.26.0-18-gc5c842f807 (webtiles) character file.

Game seed: 17350637621967375832

52 sizableburger the Skirmisher (level 3, 0/30 HPs)
             Began as a Demonspawn Abyssal Knight on Jan 24, 2021.
             Was a Believer of Lugonu.
             Slain by Terence
             ... wielding a +2 falchion of holy wrath
              (6 damage)
             ... on level 2 of the Dungeon.
             The game lasted 00:01:56 (858 turns).

sizableburger the Skirmisher (DsAK)                  Turns: 858, Time: 00:01:57

Health: 0/30       AC:  3    Str: 13    XL:     3   Next: 60%
Magic:  4/5        EV: 11    Int: 13    God:    Lugonu [**....]
Gold:   34         SH:  0    Dex: 12    Spells: 2/2 levels left

rFire    . . .     SeeInvis +   c - +1 hand axe (vorpal)
rCold    . . .     Faith    .   (no shield)
rNeg     . . .     Spirit   .   b - +0 leather armour
rPois    .         Reflect  .   (no helmet)
rElec    .         Harm     .   (no cloak)
rCorr    .         Rampage  .   (no gloves)
Will     .....                  (no boots)
Stlth    +.........             (no amulet)
HPRegen  0.10/turn              f - +4 ring of slaying
MPRegen  0.09/turn              i - ring of see invisible

@: no status effects
A: hooves 2
a: Renounce Religion, Depart the Abyss, Bend Space


You were on level 2 of the Dungeon.
You worshipped Lugonu.
Lugonu was pleased with you.
You visited 1 branch of the dungeon, and saw 2 of its levels.
You visited the Abyss 1 time.

You collected 34 gold pieces.

Inventory:

Hand Weapons
 c - a +1 vorpal hand axe (weapon)
Armour
 b - a +0 leather armour (worn)
Jewellery
 f - a +4 ring of slaying (left hand)
 i - a ring of see invisible (right hand)
Scrolls
 a - a scroll of immolation {unknown}
 d - 2 scrolls of identify {unknown}
 g - a scroll of remove curse {unknown}
 h - a scroll of amnesia {unknown}
Potions
 e - a potion of flight {unknown}


   Skills:
 + Level 3.7 Fighting
 + Level 2.4 Axes
 + Level 2.1 Armour
 + Level 1.2 Dodging
 - Level 2.7 Invocations


You had 2 spell levels left.
You didn't know any spells.
Your spell library was empty.

Dungeon Overview and Level Annotations

Branches:
Dungeon (2/15)

Altars:

Annotations:
D:2 Terence


Innate Abilities, Weirdness & Mutations

You have hoof-like feet.


Message History

Terence is heavily wounded.
Terence hits you with a +2 falchion of holy wrath.
You convulse.
You closely miss Terence.
Terence is heavily wounded.
Terence hits you but does no damage.
You hit Terence but do no damage.
Terence is heavily wounded.
Terence hits you but does no damage.
You hit Terence but do no damage.
Terence is heavily wounded.
Terence hits you with a +2 falchion of holy wrath.
You convulse.
You are too injured to fight recklessly!
You are too injured to fight recklessly!
Space bends around you!
You blink.
Terence hits you with a +2 falchion of holy wrath.
* * * LOW HITPOINT WARNING * * *
You convulse.
You die...

#.....#
##........
#.....#
#.#######
#.....####.#
#......†..>#
#####.######
#.# . #§#
....##@###
#.......@.#
#.........#
..........#
..###.....#
. #.....+
#.....#
#######


You could see Terence.

Vanquished Creatures
  An adder (D:2)
  4 dart slugs
  A leopard gecko (D:2)
  A giant cockroach (D:1)
  3 goblins (D:1)
  4 hobgoblins
  6 jackals
  A ball python (D:1)
  2 bats (D:1)
  3 frilled lizards
  4 kobolds
  3 rats (D:1)
33 creatures vanquished.

Notes
Turn   | Place    | Note
-------+----------+-------------------------------------------
     0 | Abyss:1  | sizableburger the Demonspawn Abyssal Knight began the quest
                  | for the Orb.
     0 | Abyss:1  | Reached XP level 1. HP: 18/18 MP: 2/2
    18 | D:1      | Escaped the Abyss
    74 | D:1      | Gained mutation: You have large cloven feet. [demonic
                  | ancestry]
    74 | D:1      | Reached XP level 2. HP: 23/24 MP: 4/4
   203 | D:1      | Reached skill level 1 in Dodging
   448 | D:1      | Reached ** piety under Lugonu
   453 | D:1      | Gained mutation: You have hoof-like feet. [demonic
                  | ancestry]
   453 | D:1      | Reached XP level 3. HP: 29/29 MP: 5/5
   850 | D:2      | Noticed Terence
   858 | D:2      | Slain by Terence

Illustrated notes

Levels and vault maps discovered:
D:1:      scummos_arrival_simple_crosswalls, layout_rooms
D:2:      layout_basic, chequers_ecumenical_altar_simple_redux, uniq_terence

Skill      XL: |  1  2 |
---------------+-------+-----
Axes           | 2 |  2.4
Dodging        | 1 |  1.2
Armour         | 2 |  2.1
Fighting       | |  3.7
Invocations    | |  2.7

Action                   || total
-------------------------++-------
Melee: Hand axe          ||    61
       Kick              ||    11
Invok: Bend Space        ||     1
  Use: Scroll            ||     1
Armor: Leather armour    ||    18
Dodge: Dodged            ||    32
